AoeStats
← O grande

MegaRandom

510239721Analyzed
4v4 RM · 1d ago on Sep 30, 2026· 37m 54s· 8 players
Game mode
Random Map
Map size
Large (8 player)
Population
200
Speed
Normal
Resources
Standard
Victory
Conquest
Starting age
Dark Age
Ending age
Imperial Age
RankedLock teamsTeams togetherTeam positionsShared explorationLock speedFull tech treeHidden civsTurbo modeCheats
Victory
Defeat
🇺🇸 Khmer · United States
1585
+12
🇺🇸 Varangians · United States
1484
+16
🇺🇸 Chinese · United States
1468
+17
🇺🇸 Huns · United States
1462
+17
1542
-17
🇧🇷 Mongols · Brazil
1504
-16
🇨🇳 Georgians · China
1503
-16
🇦🇷 Saxons · Argentina
1436
-13
benji
3:53 Loom
11:03 Feudal Age
11:56 Double-Bit Axe
12:08 Fishing Lines
12:34 Horse Collar
15:37 Wheelbarrow
18:38 Castle Age
18:22 Fletching
20:58 Gillnets
22:41 Town Watch
23:20 Fervor
27:04 Wheelbarrow
26:22 Gambesons
28:18 Bow Saw
27:48 Horse Collar
30:17 Hand Cart
32:47 Imperial Age
30:37 Hand Cart
30:55 Scale Mail Armor
31:05 Forging
31:02 Squires
30:47 Arson
33:21 Elite Varangian Guard
34:07 Capped Ram
36:08 Two-Man Saw
35:09 Heavy Plow
35:56 Chain Mail Armor
36:16 Iron Casting
38:21 Plate Mail Armor
39:25 Blast Furnace
Kyrisser
2:42 Loom
10:02 Feudal Age
10:39 Double-Bit Axe
13:40 Castle Age
12:42 Town Watch
15:30 Wheelbarrow
15:56 Horse Collar
21:58 Bow Saw
24:57 Squires
24:59 Scale Mail Armor
25:09 Forging
28:23 Imperial Age
26:27 Chain Mail Armor
26:25 Arson
27:20 Iron Casting
27:07 Heavy Plow
28:24 Elite Fire Lancer
29:36 Plate Mail Armor
30:07 Blast Furnace
29:53 Coinage
29:18 Gold Mining
32:28 Hand Cart
32:47 Banking
32:49 Pikeman
33:39 Scale Barding Armor
33:25 Fletching
33:42 Light Cavalry
34:25 Husbandry
34:57 Bloodlines
34:33 Cavalier
36:47 Chain Barding Armor
36:23 Bodkin Arrow
Ryblade
5:38 Loom
6:19 Loom
8:46 Feudal Age
9:23 Double-Bit Axe
17:35 Fletching
22:02 Castle Age
22:06 Crossbowman
22:52 Bodkin Arrow
RyskiNinja
2:30 Loom
10:04 Feudal Age
11:08 Town Watch
11:12 Town Watch
14:08 Castle Age
12:20 Stone Mining
12:30 Double-Bit Axe
12:50 Gold Mining
13:31 Horse Collar
15:57 Wheelbarrow
15:09 Fishing Lines
15:40 Scale Barding Armor
15:29 Fletching
18:48 Heavy Plow
20:44 Husbandry
21:41 Forging
23:53 Scale Barding Armor
24:55 Gillnets
24:51 Light Cavalry
25:42 Bloodlines
26:17 Bow Saw
26:58 Medium Warships
27:49 Chain Barding Armor
29:53 Iron Casting
30:01 Hand Cart
34:00 Imperial Age
35:23 Plate Barding Armor
35:46 Crop Rotation
39:32 Blast Furnace
O grande
2:50 Loom
9:24 Feudal Age
9:59 Double-Bit Axe
10:50 Horse Collar
15:41 Castle Age
16:49 Bow Saw
16:40 Heavy Plow
17:16 Wheelbarrow
16:29 Town Watch
21:12 Gold Mining
26:55 Imperial Age
24:57 Scale Barding Armor
25:04 Forging
25:13 Husbandry
25:53 Bloodlines
25:42 Light Cavalry
28:50 Iron Casting
28:39 Chain Barding Armor
30:54 Iron Casting
30:31 Elite Steppe Lancer
35:33 Fletching
36:27 Gold Shaft Mining
35:48 Stone Mining
37:37 Bodkin Arrow
ArcasianPsycho
2:53 Loom
8:56 Feudal Age
17:55 Wheelbarrow
18:39 Fletching
25:20 Castle Age
26:01 Bodkin Arrow
31:12 Guard Tower
37:22 Squires
neutron_star
2:34 Loom
9:58 Feudal Age
12:06 Double-Bit Axe
14:54 Castle Age
14:29 Horse Collar
17:18 Bow Saw
18:54 Scale Barding Armor
19:31 Wheelbarrow
21:27 Town Watch
23:14 Chain Barding Armor
23:49 Gold Mining
23:50 Stone Mining
25:14 Hand Cart
25:22 Heavy Plow
26:34 Forging
26:57 Bloodlines
26:48 Husbandry
28:31 Light Cavalry
33:12 Imperial Age
30:38 Fletching
30:48 Padded Archer Armor
33:37 Hussar
38:46 Plate Barding Armor
[CL] Guatona, Guatona qla fea
2:58 Loom
8:59 Feudal Age
13:08 Castle Age
11:47 Double-Bit Axe
11:43 Horse Collar
15:15 Wheelbarrow
28:16 Hand Cart
30:04 Town Watch
32:01 Heavy Plow
37:24 Bow Saw
Connection lost

Rejoining the realm…

Still unreachable

The connection could not be restored.

Session expired

The server has moved on; the page needs a fresh start.